 Dungeon Crawl Stone Soup version 0.29.1-15-g9cfb28693d (webtiles) character file.

Game seed: 15424000275923624437

13216 Gumption the Severer (level 11, -1/102 HPs)
             Began as a Minotaur Berserker on Mar 23, 2023.
             Was an Elder of Trog.
             Slain by a boulder beetle (33 damage)
             ... on level 12 of the Dungeon.
             The game lasted 01:28:36 (13740 turns).

Gumption the Severer (Minotaur Berserker)          Turns: 13740, Time: 01:28:36

Health: -1/102     AC: 23    Str: 24    XL:     11   Next: 72%
Magic:  10/10      EV:  7    Int:  6    God:    Trog [****..]
Gold:   359        SH: 16    Dex: 16    Spells: 10/10 levels left

rFire   . . .      SeeInvis .   a - +0 war axe
rCold   . . .      Faith    .   G - +0 kite shield
rNeg    . . .      Spirit   .   z - +0 plate armour
rPois   +          Reflect  +   (helmet restricted)
rElec   .          Harm     .   E - +0 cloak {rPois}
rCorr   .          Rampage  .   A - +0 pair of gloves
Will    .....                   m - +0 pair of boots
Stlth   ..........              u - amulet of reflection
HPRegen 0.27/turn               j - +4 ring of protection
MPRegen 0.12/turn               e - +6 ring of dexterity

@: on berserk cooldown, slowed, very slow
A: horns 2, retaliatory headbutt
a: Renounce Religion, Berserk, Trog's Hand, Brothers in Arms


You were on level 12 of the Dungeon.
You worshipped Trog.
Trog was greatly pleased with you.
You visited 1 branch of the dungeon, and saw 14 of its levels.

You collected 628 gold pieces.
You spent 269 gold pieces at shops.

Inventory:

Hand Weapons
 a - a +0 war axe (weapon)
 b - the +9 sling of the Manifold Visions {vorpal, rElec rN+}
   (You found it on level 11 of the Dungeon)

   Any ammunition fired from it inflicts extra damage upon your enemies.
   rElec:     It insulates you from electricity.
   rN:        It protects you from negative energy.
 w - a +1 demon whip of venom
Missiles
 h - 10 boomerangs (quivered)
Armour
 m - a +0 pair of boots (worn)
 z - a +0 plate armour (worn)
 A - a +0 pair of gloves (worn)
 E - a +0 cloak of poison resistance (worn)
 G - a +0 kite shield (worn)
Jewellery
 e - a +6 ring of dexterity (right hand)
 j - a +4 ring of protection (left hand)
 u - an amulet of reflection (around neck)
Wands
 c - a wand of polymorph (2)
 p - a wand of roots (2)
Scrolls
 d - 2 scrolls of enchant weapon {unknown}
 i - a scroll of teleportation {unknown}
 k - a scroll of enchant armour {unknown}
 l - 4 scrolls of magic mapping
 o - a scroll of poison
 r - a scroll of identify
 t - 4 scrolls of blinking
 x - 3 scrolls of immolation {unknown}
 y - 3 scrolls of brand weapon {unknown}
 C - a scroll of amnesia {unknown}
 I - a scroll of fog {unknown}
Potions
 f - a potion of cancellation
 g - 7 potions of haste
 n - a potion of mutation
 s - 4 potions of heal wounds
 v - a potion of might
 B - a potion of berserk rage {unknown}
 D - 3 potions of curing
 F - a potion of magic
 H - 2 potions of flight


   Skills:
 + Level 11.1 Fighting
 * Level 15.0 Axes
 + Level 10.8 Armour
 - Level 2.1 Dodging
 * Level 8.8 Shields


You had 10 spell levels left.
You didn't know any spells.
Your spell library was empty.

Dungeon Overview and Level Annotations

Branches:
Dungeon (14/15)            Temple (0/1) D:5            Lair (0/5) D:11
    Orc: D:9-12      Vaults: D:13-14

Altars:
Cheibriados
Elyvilon
Gozag
Makhleb
Nemelex Xobeh
Zin
The Shining One

Shops:
D:2 [   D:3 !   D:7 [

Annotations:
D:9 3 runed translucent doors, H0rd4k's ghost, novice OpAr; NikiYani's ghost, novice MiFi


Innate Abilities, Weirdness & Mutations

You have a pair of horns on your head.
You reflexively headbutt those who attack you in melee.


Message History

The boulder beetle completely misses you.
You slash the boulder beetle!
The boulder beetle is moderately wounded.
The boulder beetle bites you!
You barely miss the boulder beetle.
The boulder beetle is moderately wounded.
The boulder beetle bites you!
You hit the boulder beetle.
The boulder beetle is moderately wounded.
You hit the boulder beetle.
The boulder beetle is moderately wounded.
The boulder beetle leaps!
You slash the boulder beetle!
The boulder beetle is heavily wounded.
You block the boulder beetle's attack.
You hit the boulder beetle but do no damage.
You headbutt the boulder beetle, but do no damage.
The boulder beetle is heavily wounded.
You block the boulder beetle's attack.
You hit the boulder beetle but do no damage.
The boulder beetle is heavily wounded.
The boulder beetle bites you!
* * * LOW HITPOINT WARNING * * *
A red film seems to cover your vision as you go berserk!
You feel yourself moving faster!
You feel mighty!
The boulder beetle leaps!
You feel a strong urge to attack something.
You feel your anger nearly subside. You block the boulder beetle's attack.
You slice the boulder beetle!!
You headbutt the boulder beetle, but do no damage.
The boulder beetle is almost dead.
The boulder beetle leaps!
You are no longer berserk.
You are exhausted.
You feel yourself slow down.
The boulder beetle curls into a ball and begins rolling!
You hit the boulder beetle. You headbutt the boulder beetle!
The boulder beetle is almost dead.
The boulder beetle hits you!!
You die...

#°# #. #.# #. #.# #
#.# #.# #.# #.#
#.###################
#...@B°°°....°○......
#####################


You could see a boulder beetle (rolling).

Vanquished Creatures
  A hydra (D:13)
  2 boulder beetles
  A two-headed ogre (D:12)
  A centaur warrior (D:14)
  Amaemon (D:11)
  A deep elf pyromancer (D:13)
  A cyclops (D:13)
  Joseph (D:8)
  An orange demon (D:11)
  An unseen horror (D:11)
  2 trolls (D:9)
  Grinder (D:3)
  A hornet (D:9)
  Prince Ribbit (D:8)
  3 wyverns
  10 yaks
  2 steam dragons
  Menkaure (D:4)
  Duvessa (D:7)
  A water moccasin (D:6)
  5 orc warriors
  A sky beast (D:7)
  An ice beast (D:5)
  2 black bears
  11 centaurs
  2 ogres
  A phantom (D:4)
  2 kobold brigands
  4 bullfrogs
  2 gnoll sergeants
  A scorpion (D:5)
  A necrophage (D:4)
  8 wights
  Dowan (D:7)
  4 killer bees
  A howler monkey (D:8)
  2 lava snakes (D:8)
  A crimson imp (D:8)
  Crazy Yiuf (D:4)
  6 hounds
  4 orc priests
  4 gnoll boudas
  A jelly (D:8)
  An iguana (D:7)
  9 orc wizards
  Robin (D:2)
  6 adders
  24 gnolls
  3 shadow imps
  An ufetubus (D:6)
  A worm (D:2)
  2 dart slugs
  22 orcs
  8 bats
  6 endoplasms
  A giant cockroach (D:2)
  14 goblins
  10 hobgoblins
  6 jackals
  14 kobolds
  5 quokkas
  4 ball pythons
  6 frilled lizards
  10 rats
254 creatures vanquished.

Vanquished Creatures (others)
  An orc (D:9)
  A kobold (D:10)
  2 fungi (D:4)
  6 withered plants (D:9)
10 creatures vanquished.

Grand Total: 264 creatures vanquished

Notes
Turn   | Place    | Note
-------+----------+-------------------------------------------
     0 | D:1      | Gumption the Minotaur Berserker began the quest for the
                  | Orb.
     0 | D:1      | Reached XP level 1. HP: 19/19 MP: 0/0
   245 | D:1      | Reached skill level 4 in Axes
   245 | D:1      | Reached XP level 2. HP: 27/27 MP: 1/1
   550 | D:1      | Reached XP level 3. HP: 23/33 MP: 2/2
   962 | D:2      | Found Daiss's Antique Armour Shop.
  1245 | D:2      | Reached ** piety under Trog
  1309 | D:2      | Noticed Robin
  1331 | D:2      | Killed Robin
  1372 | D:2      | Reached XP level 4. HP: 40/40 MP: 3/3
  1403 | D:2      | Reached skill level 5 in Axes
  2490 | D:3      | Noticed Grinder
  2504 | D:3      | Paralysed by Grinder for 2 turns
  2531 | D:3      | Killed Grinder
  2532 | D:3      | Reached skill level 5 in Fighting
  2532 | D:3      | Reached skill level 6 in Axes
  2532 | D:3      | Reached XP level 5. HP: 48/48 MP: 4/4
  2532 | D:3      | Reached XP level 6. HP: 56/56 MP: 5/5
  2651 | D:3      | Found a faded altar of an unknown god.
  2809 | D:3      | Found Didiziem's Distillery.
  2825 | D:3      | Bought a potion of degeneration for 14 gold pieces
  3330 | D:4      | Reached skill level 7 in Axes
  3631 | D:4      | Noticed Menkaure
  3639 | D:4      | Killed Menkaure
  3640 | D:4      | Reached skill level 5 in Armour
  3640 | D:4      | Reached XP level 7. HP: 50/62 MP: 6/6
  3865 | D:4      | Reached skill level 8 in Axes
  3991 | D:4      | Found a runed translucent door.
  3992 | D:4      | Noticed Crazy Yiuf
  4009 | D:4      | Reached *** piety under Trog
  4085 | D:4      | Killed Crazy Yiuf
  4188 | D:5      | Entered Level 5 of the Dungeon
  4550 | D:5      | Reached XP level 8. HP: 71/71 MP: 7/7
  4555 | D:5      | Found a staircase to the Ecumenical Temple.
  4650 | D:5      | Found a sparkling altar of Nemelex Xobeh.
  4661 | D:5      | Reached skill level 9 in Axes
  5162 | D:5      | Found a white marble altar of Elyvilon.
  5686 | D:6      | Reached skill level 10 in Axes
  6498 | D:7      | Reached XP level 9. HP: 80/81 MP: 8/8
  6552 | D:7      | Noticed Duvessa
  6568 | D:7      | Killed Duvessa
  6569 | D:7      | Reached skill level 11 in Axes
  6650 | D:7      | Reached **** piety under Trog
  7121 | D:7      | Noticed Dowan
  7139 | D:7      | Killed Dowan
  7186 | D:7      | Found Xotidin's Antique Armour Shoppe.
  7191 | D:7      | Bought an embroidered cloak for 255 gold pieces
  7584 | D:8      | Noticed Joseph
  7603 | D:8      | Killed Joseph
  7604 | D:8      | Reached skill level 12 in Axes
  8135 | D:8      | Noticed Prince Ribbit
  8156 | D:8      | Killed Prince Ribbit
  8157 | D:8      | Reached skill level 1 in Shields
  8299 | D:8      | Reached XP level 10. HP: 75/91 MP: 9/9
  8512 | D:8      | Found a burning altar of Makhleb.
  8750 | D:9      | Reached skill level 13 in Axes
  9126 | D:9      | Found an opulent altar of Gozag.
  9309 | D:9      | Found a runed translucent gate.
  9309 | D:9      | Found a runed translucent gate.
  9309 | D:9      | Found a runed translucent gate.
  9310 | D:9      | Noticed NikiYani's ghost (novice MiFi)
  9311 | D:9      | Noticed H0rd4k's ghost (novice OpAr)
  9402 | D:9      | Reached skill level 5 in Shields
  9711 | D:9      | Reached skill level 10 in Fighting
 10315 | D:10     | Entered Level 10 of the Dungeon
 10315 | D:10     | Found a glowing silver altar of Zin.
 10397 | D:10     | Noticed a boulder beetle
 10414 | D:10     | Killed a boulder beetle
 10895 | D:10     | Found a snail-covered altar of Cheibriados.
 11060 | D:10     | Found a white marble altar of Elyvilon.
 11062 | D:10     | Found a glowing golden altar of the Shining One.
 11576 | D:11     | Noticed Amaemon
 11576 | D:11     | Noticed an orange demon
 11584 | D:11     | Killed Amaemon
 11585 | D:11     | Reached skill level 14 in Axes
 11585 | D:11     | Reached skill level 10 in Armour
 11585 | D:11     | Reached XP level 11. HP: 101/101 MP: 10/10
 11725 | D:11     | Found a staircase to the Lair.
 11757 | D:11     | Identified the +9 sling of the Manifold Visions {vorpal,
                  | rElec rN+}
 11785 | D:11     | You fall into a shaft and drop 3 floors!
 11788 | D:13     | Noticed a boulder beetle
 11788 | D:13     | Noticed a centaur warrior
 11822 | D:14     | HP: 2/101 [boulder beetle (5)]
 11827 | D:14     | Killed a boulder beetle
 12197 | D:13     | Noticed a deep elf pyromancer
 12469 | D:14     | Killed a centaur warrior
 12509 | D:13     | Killed a deep elf pyromancer
 12746 | D:13     | Noticed a seven-headed hydra
 12760 | D:13     | Killed a seven-headed hydra
 13002 | D:12     | Noticed a boulder beetle
 13033 | D:13     | HP: 2/101 [very large slime creature (53)]
 13330 | D:12     | Noticed a two-headed ogre
 13336 | D:12     | Killed a two-headed ogre
 13350 | D:12     | Reached skill level 15 in Axes
 13673 | D:12     | Noticed a boulder beetle
 13740 | D:12     | Slain by a boulder beetle

Illustrated notes

Levels and vault maps discovered:
D:1:      lightli_arrival_boilingwater, layout_basic
D:2:      layout_basic, serial_shops, shop_statue, grunt_decor_resistance,
          uniq_robin
D:3:      layout_basic, nicolae_ecumenical_oubliette, serial_shops,
          nicolae_shop_advertising_works [nicolae_subvault_shop_adworks],
          uniq_grinder
D:4:      layout_rooms, uniq_menkaure, uniq_crazy_yiuf_cottage
D:5:      layout_loops_ring, minmay_temple_entry_statues_pillars, serial_rivers,
          chequers_serial_rivers_micro_a, chequers_serial_rivers_micro_a,
          chequers_serial_rivers_micro_c, chequers_serial_rivers_micro_e,
          chequers_serial_rivers_room_a, chequers_serial_rivers_micro_a,
          hangedman_feature_mirror, dk_noncrumbling_2, fountainhead
D:6:      layout_cave_pools
D:7:      layout_loops_ring, serial_shops, shop, dk_noncrumbling_4, uniq_duvessa
D:8:      layout_cave_pools, makhleb_grotto_becter, minmay_misc_feat_hallway,
          kennysheep_another_room, minmay_misc_feat_room,
          kennysheep_big_empty_room, chequers_serial_rivers_marsh,
          uniq_prince_ribbit1, uniq_joseph
D:9:      layout_basic, mainiacjoe_overflow_alcove_2, gammafunk_ghost_cemetery,
          minmay_increasing_density
D:10:     layout_basic, dreamdust_divine_triumvirate, kennysheep_mini_moat,
          minmay_misc_feat_tower
D:11:     layout_roguey [special_room_orc], lair_entry_dummy, uniq_amaemon,
          uniq_psyche, uniq_urug, uniq_maurice
D:12:     layout_basic, orc_0_dummy, uniq_nessos
D:13:     layout_loops_cross
D:14:     layout_roguey, ximxim_vaults_locker_room,
          minmay_staircase_windowed_small, uniq_agnes

Skill      XL: |  1  2  3  4  5  6  7  8  9 10 11 |
---------------+----------------------------------+-----
Axes           | 4 6 7 8 10 12 14 15 | 15.0
Fighting       | 4 5 6 7 9 10 11 | 11.1
Armour         | 3 4 5 6 7 8 10 | 10.8
Shields        | 1 6 8 |  8.8
Dodging        | |  2.1

Action                   |  1- 3 |  4- 6 |  7- 9 | 10-12 || total
-------------------------+-------+-------+-------+-------++-------
Melee: Hand axe          |    99 |   106 |    55 |       ||   260
       Headbutt          |    12 |    19 |    66 |    76 ||   173
       Punch             |     1 |       |     4 |       ||     5
       War axe           |       |       |   271 |   331 ||   602
       Demon whip        |       |       |       |     7 ||     7
 Fire: Sling             |       |       |       |     5 ||     5
Throw: Boomerang         |       |    29 |    13 |     1 ||    43
Invok: Berserk           |     1 |     1 |     3 |     4 ||     9
       Trog's Hand       |       |     5 |     6 |     1 ||    12
  Use: Scroll            |       |     4 |     6 |     7 ||    17
       Potion            |       |       |       |     1 ||     1
Armor: Animal skin       |     9 |       |       |       ||     9
       Leather armour    |     9 |    34 |    16 |       ||    59
       Chain mail        |       |       |    55 |       ||    55
       Plate armour      |       |       |    90 |   158 ||   248
Dodge: Dodged            |    52 |    54 |   118 |    63 ||   287
Block: Other             |       |     4 |    59 |       ||    63
       Reflection        |       |       |     7 |    27 ||    34
       Kite shield       |       |       |    18 |   232 ||   250
